[Event "17th Memorial Lezcano Montalvo 2025"]
[Site "Gran Canaria"]
[Date "2025.04.16"]
[Round "5.22"]
[White "Estremera Panos, Sergio"]
[Black "Ludishev, Artem"]
[Result "1-0"]
[Annotator "RC"]
[ECO "E41"]
[WhiteElo "2195"]
[BlackElo "1874"]
[PlyCount "89"]
[EventDate "2025.04.13"]
[EventType "swiss"]
[EventCountry "ESP"]
[SourceTitle "playchess.com"]
[Source "ChessBase"]
[SourceQuality "1"]
[TimeControl "5400+30"]

1. Nf3 Nf6 2. c4 e6 3. d4 Bb4+ 4. Nc3 c5 5. e3 Nc6 6. Bd3 Bxc3+ 7. bxc3 d6 8. e4 e5 9. d5 Ne7 10. Nh4 h6 11. h3 Ng6 12. Nf5 Bxf5 13. exf5 Nh4 14. O-O e4 15. Re1 O-O 16. Bxe4 Nxe4 17. Rxe4 Nxf5 18. Qd3 Ne7 19. Rb1 b6 20. Bd2 Ng6 21. Rbe1 Qd7 22. Qg3 Rad8 23. f4 Kh7 24. Qe3 Qf5 25. g4 Qf6 26. Re2 h5 27. Be1 h4 28. Rf2 Rd7 29. f5 Ne5 30. g5 Qd8 31. Qf4 Re8 32. Rfe2 Rh8 33. Bxh4 Kg8 34. Kg2 g6 35. f6 b5 36. cxb5 Qa5 37. c4 Qc3 38. Bg3 a6 39. Qe3 Qxe3 40. R2xe3 axb5 41. cxb5 Ra7 42. a4 c4 43. Bxe5 dxe5 44. Rxc4 Kh7 45. b6 1-0

[Event "17th Memorial Lezcano Montalvo 2025"]
[Site "Gran Canaria"]
[Date "2025.04.16"]
[Round "5.23"]
[White "Pinilla Sanchez, Josep A."]
[Black "Rodriguez Lopez, David"]
[Result "0-1"]
[Annotator "RC"]
[ECO "A14"]
[WhiteElo "1827"]
[BlackElo "2182"]
[PlyCount "96"]
[EventDate "2025.04.13"]
[EventType "swiss"]
[EventCountry "ESP"]
[SourceTitle "playchess.com"]
[Source "ChessBase"]
[SourceQuality "1"]
[TimeControl "5400+30"]

1. Nf3 Nf6 2. g3 d5 3. Bg2 e6 4. O-O Be7 5. c4 O-O 6. b3 b6 7. Bb2 Bb7 8. Nc3 c5 9. cxd5 Nxd5 10. Nxd5 Bxd5 11. d4 cxd4 12. Qxd4 Bf6 13. Qd2 Nd7 14. Rac1 Nc5 15. Bxf6 Qxf6 16. Qd4 Qe7 17. Ne5 Rad8 18. Qf4 Bxg2 19. Kxg2 Qd6 20. Nf3 Qxf4 21. gxf4 f6 22. Rfd1 Kf7 23. Nd4 a5 24. e3 Rd7 25. Nb5 Rfd8 26. Rxd7+ Rxd7 27. Nd4 h6 28. h4 Rd6 29. Rc2 Kg6 30. Nb5 Rd1 31. Nd4 Nd3 32. Nf3 Nb4 33. Rb2 Ra1 34. a4 Nd3 35. Rd2 Nc5 36. Rb2 Rd1 37. Nd2 Nd3 38. Ra2 Nb4 39. Rb2 Kh5 40. Nc4 Kxh4 41. Nxb6 Nd3 42. Ra2 Rb1 43. Nc4 Ne1+ 44. Kf1 Nf3+ 45. Ke2 Kg4 46. Nxa5 h5 47. Nc4 h4 48. a5 h3 0-1

[Event "17th Memorial Lezcano Montalvo 2025"]
[Site "Gran Canaria"]
[Date "2025.04.16"]
[Round "5.24"]
[White "Garcia Brion, Eduardo"]
[Black "De La Cruz Perez, Carlos"]
[Result "1/2-1/2"]
[Annotator "RC"]
[ECO "C10"]
[WhiteElo "2171"]
[BlackElo "1835"]
[PlyCount "55"]
[EventDate "2025.04.13"]
[EventType "swiss"]
[EventCountry "ESP"]
[SourceTitle "playchess.com"]
[Source "ChessBase"]
[SourceQuality "1"]
[TimeControl "5400+30"]

1. e4 e6 2. d4 d5 3. Nd2 dxe4 4. Nxe4 Nd7 5. Nf3 Ngf6 6. Bd3 c5 7. Be3 Nxe4 8. Bxe4 Nf6 9. Bd3 Qc7 10. Qe2 a6 11. O-O b6 12. c3 Bd6 13. dxc5 Bxc5 14. Bxc5 Qxc5 15. Qe5 Qxe5 16. Nxe5 O-O 17. Rfd1 Bb7 18. Nc4 b5 19. Na5 Bd5 20. c4 bxc4 21. Nxc4 Rfb8 22. b3 a5 23. Ne3 a4 24. Nxd5 Nxd5 25. Be4 axb3 26. axb3 Rxa1 27. Rxa1 g6 28. Bxd5 1/2-1/2

[Event "17th Memorial Lezcano Montalvo 2025"]
[Site "Gran Canaria"]
[Date "2025.04.16"]
[Round "5.25"]
[White "Camino Carrio, Nicanor"]
[Black "Perez Betancor, Jose Luis"]
[Result "1-0"]
[Annotator "NA RC"]
[ECO "C91"]
[WhiteElo "2045"]
[BlackElo "1782"]
[PlyCount "69"]
[EventDate "2025.04.13"]
[EventType "swiss"]
[EventCountry "ESP"]
[SourceTitle "playchess.com"]
[Source "ChessBase"]
[SourceQuality "1"]
[TimeControl "5400+30"]

1. e4 e5 2. Nf3 Nc6 3. Bb5 a6 4. Ba4 Nf6 5. O-O d6 6. c3 b5 7. Bb3 Be7 8. Re1 O-O 9. d4 Bg4 10. Be3 Na5 11. Bc2 Nc4 12. Bc1 Nd7 13. b3 Ncb6 14. a4 b4 15. a5 Nc8 16. Bb2 bxc3 17. Nxc3 exd4 18. Qxd4 Bxf3 19. gxf3 Ne5 20. Qe3 c6 21. Kh1 Rb8 22. Rg1 Bf6 23. f4 Nc4 24. bxc4 Rxb2 25. Qd3 g6 26. Ra3 Bg7 27. Nd1 Rb7 28. Ne3 Qh4 29. f5 Qxf2 30. Ng4 Qh4 31. Qf1 Bd4 32. Rh3 Qe7 33. f6 Qe6 34. Qf4 Qe7 35. Ra1 1-0

[Event "17th Memorial Lezcano Montalvo 2025"]
[Site "Gran Canaria"]
[Date "2025.04.16"]
[Round "5.27"]
[White "Schmitz, Manuela"]
[Black "Hernando Rodrigo, Jose Maria"]
[Result "0-1"]
[Annotator "RC"]
[ECO "E92"]
[WhiteElo "1815"]
[BlackElo "2256"]
[PlyCount "56"]
[EventDate "2025.04.13"]
[EventType "swiss"]
[EventCountry "ESP"]
[SourceTitle "playchess.com"]
[Source "ChessBase"]
[SourceQuality "1"]
[TimeControl "5400+30"]

1. d4 Nf6 2. Nf3 g6 3. c4 Bg7 4. Nc3 O-O 5. e4 d6 6. Be2 e5 7. Be3 exd4 8. Nxd4 Re8 9. Qc2 Na6 10. f3 c6 11. O-O-O d5 12. Bg5 h6 13. Bh4 c5 14. Nb3 d4 15. Nd5 Be6 16. g4 Bxd5 17. exd5 Nb4 18. Qd2 Nxa2+ 19. Kb1 Nb4 20. Bf2 Qb6 21. Nc1 Qa5 22. Bd3 b5 23. Rhe1 Red8 24. Re7 Rd6 25. b3 bxc4 26. Bxc4 Qd8 27. Rde1 Nbxd5 28. Nd3 Nxe7 0-1

[Event "17th Memorial Lezcano Montalvo 2025"]
[Site "Gran Canaria"]
[Date "2025.04.16"]
[Round "5.28"]
[White "Brito Garcia, Alfredo"]
[Black "Vargas Tinoco, Martin Alonso"]
[Result "1-0"]
[Annotator "RC"]
[ECO "D02"]
[WhiteElo "2214"]
[BlackElo "1811"]
[PlyCount "67"]
[EventDate "2025.04.13"]
[EventType "swiss"]
[EventCountry "ESP"]
[SourceTitle "playchess.com"]
[Source "ChessBase"]
[SourceQuality "1"]
[TimeControl "5400+30"]

1. d4 d5 2. Nf3 e6 3. g3 a6 4. Bg2 c5 5. O-O Nf6 6. a4 Be7 7. c4 dxc4 8. dxc5 O-O 9. Nbd2 c3 10. bxc3 Nbd7 11. c6 bxc6 12. Nd4 Bb7 13. Bxc6 Qc7 14. Bxb7 Qxb7 15. Qb3 Qc7 16. Ba3 Bxa3 17. Rxa3 Rab8 18. Qc4 Qd6 19. Qa2 Rfc8 20. N4f3 Ne5 21. c4 h6 22. Rc3 Nd5 23. Rcc1 Nb4 24. Qa1 Nxf3+ 25. Nxf3 Rc5 26. Rfd1 Qc7 27. Nd2 Rc8 28. Ne4 Rc6 29. c5 Qa5 30. Rd7 R8c7 31. Rd8+ Kh7 32. Nf6+ gxf6 33. Qxf6 Rc8 34. Qxf7# 1-0

[Event "17th Memorial Lezcano Montalvo 2025"]
[Site "Gran Canaria"]
[Date "2025.04.16"]
[Round "5.29"]
[White "Garcia Padron, Juan"]
[Black "Sanchez Montesdeoca, Isaac"]
[Result "1-0"]
[Annotator "RC"]
[ECO "B52"]
[WhiteElo "2155"]
[BlackElo "1807"]
[PlyCount "129"]
[EventDate "2025.04.13"]
[EventType "swiss"]
[EventCountry "ESP"]
[SourceTitle "playchess.com"]
[Source "ChessBase"]
[SourceQuality "1"]
[TimeControl "5400+30"]

1. e4 c5 2. Nf3 d6 3. Nc3 Nf6 4. Bb5+ Bd7 5. a4 Nc6 6. O-O e6 7. Re1 Be7 8. Bf1 O-O 9. d3 Re8 10. h3 a6 11. g4 Kh8 12. Bg2 Rb8 13. Ne2 b5 14. axb5 axb5 15. Ng3 c4 16. d4 b4 17. Nd2 Nxd4 18. Nxc4 e5 19. Be3 Qc7 20. Bf1 Be6 21. b3 d5 22. exd5 Nxd5 23. Bxd4 exd4 24. Qf3 Nf4 25. Nf5 Bd5 26. Qg3 Bc5 27. Bd3 g6 28. Nh6 Kg7 29. g5 Be6 30. Ng4 Bd7 31. Nf6 Nxh3+ 32. Kh2 Qxg3+ 33. Kxg3 Rxe1 34. Rxe1 Bc8 35. f4 h6 36. Re5 Bf8 37. Bf1 Ng1 38. Re8 hxg5 39. fxg5 Rb5 40. Rxc8 Rxg5+ 41. Kf2 d3 42. Ne8+ Kh6 43. cxd3 Bc5+ 44. Rxc5 Rxc5 45. Kxg1 Kg5 46. Bg2 f5 47. d4 Rc8 48. Ned6 Rf8 49. Kf2 Kf4 50. Ne3 Rd8 51. Nd5+ Kg4 52. Bf3+ Kh4 53. Nf7 Rg8 54. Ne3 Rf8 55. Ng2+ Kh3 56. Nf4+ Kh2 57. Ng5 Rc8 58. Be2 Rc3 59. d5 Rxb3 60. d6 Rb2 61. Nf3+ Kh1 62. Nd3 Ra2 63. d7 Ra8 64. d8=Q Rxd8 65. Bf1 1-0

[Event "17th Memorial Lezcano Montalvo 2025"]
[Site "Gran Canaria"]
[Date "2025.04.16"]
[Round "5.30"]
[White "Juan Miguel, Javier"]
[Black "Cruz Pino, Adrian"]
[Result "1/2-1/2"]
[Annotator "RC"]
[ECO "D00"]
[WhiteElo "1803"]
[BlackElo "2099"]
[PlyCount "267"]
[EventDate "2025.04.13"]
[EventType "swiss"]
[EventCountry "ESP"]
[SourceTitle "playchess.com"]
[Source "ChessBase"]
[SourceQuality "1"]
[TimeControl "5400+30"]

1. d4 d5 2. e3 c6 3. Bd3 Nf6 4. b3 g6 5. Bb2 Bg7 6. Nd2 O-O 7. Ngf3 a5 8. c4 Na6 9. a3 Bg4 10. h3 Bxf3 11. Nxf3 e6 12. c5 Nd7 13. Bxa6 Rxa6 14. b4 Qa8 15. O-O b6 16. Qc2 Qb7 17. Bc3 axb4 18. axb4 Rfa8 19. Rxa6 Rxa6 20. Rb1 b5 21. Ra1 Bf6 22. Qb2 Bd8 23. Rxa6 Qxa6 24. Nd2 Qa4 25. Qb3 Qxb3 26. Nxb3 Bc7 27. Kf1 f6 28. Ke2 Kf7 29. f4 Ke7 30. Kf3 f5 31. Be1 Kf7 32. Bh4 h6 33. g4 fxg4+ 34. hxg4 Nb8 35. Nc1 Na6 36. Nd3 Nb8 37. e4 dxe4+ 38. Kxe4 Nd7 39. Kf3 h5 40. Bg5 Nf8 41. Bh6 Nd7 42. Ne5+ Bxe5 43. fxe5 Nb8 44. Kg3 Na6 45. Bd2 Nc7 46. Kf4 Nd5+ 47. Kg5 hxg4 48. Kxg4 Ne7 49. Be3 Nf5 50. Bf2 Kg7 51. Kg5 Nh6 52. Be3 Nf7+ 53. Kg4 Nh6+ 54. Kg5 Nf5 55. Bf2 Kf7 56. Kg4 Kg8 57. Kf4 Kh7 58. Kg5 Kg7 59. Bg1 Ng3 60. Be3 Ne2 61. Kg4 Kf7 62. Kf3 Nc3 63. Bd2 Nb1 64. Bc1 Kg7 65. Ke3 Nc3 66. Bd2 Nd5+ 67. Kf3 g5 68. Kg3 Kf7 69. Kh3 Kg6 70. Kg4 Ne7 71. Bxg5 Nf5 72. d5 exd5 73. e6 Nd4 74. e7 Kf7 75. Bh4 Nc2 76. Kf4 Nxb4 77. Ke5 Ke8 78. Kd6 d4 79. Be1 Nc2 80. Kxc6 d3 81. Kb7 Nxe1 82. c6 d2 83. c7 d1=Q 84. c8=Q+ Kxe7 85. Qc5+ Ke6 86. Qxb5 Nd3 87. Qe8+ Kd5 88. Qd7+ Kc4 89. Qe6+ Kc3 90. Qc6+ Kb3 91. Qd5+ Ka3 92. Qa5+ Kb2 93. Qb5+ Ka1 94. Qa5+ Kb1 95. Qb5+ Nb2 96. Qf5+ Ka2 97. Qe6+ Ka3 98. Qe3+ Kb4 99. Qb6+ Kc3 100. Qc6+ Nc4 101. Qf6+ Kb3 102. Qe6 Qd4 103. Qh3+ Kb4 104. Qe6 Qg7+ 105. Kb8 Qf8+ 106. Qc8 Qf4+ 107. Qc7 Nd6 108. Qe7 Kb5 109. Qd7+ Kc5 110. Qc7+ Kd5 111. Qd7 Qb4+ 112. Ka8 Qa5+ 113. Qa7 Qb5 114. Qa2+ Ke5 115. Qh2+ Ke6 116. Qh3+ Ke7 117. Qe3+ Kf7 118. Qf4+ Ke7 119. Qe3+ Kd7 120. Qh3+ Kc7 121. Qc3+ Kd8 122. Qf6+ Kd7 123. Qg7+ Kc8 124. Qg4+ Kd8 125. Qh4+ Kc7 126. Qh7+ Kb6 127. Qa7+ Kc6 128. Qb8 Qa6+ 129. Qa7 Qc4 130. Qb8 Qe4 131. Qb3 Kc7+ 132. Ka7 Qc6 133. Qf7+ Kd8 134. Qf6+ 1/2-1/2

[Event "17th Memorial Lezcano Montalvo 2025"]
[Site "Gran Canaria"]
[Date "2025.04.16"]
[Round "5.31"]
[White "Oramas Medina, Miguel"]
[Black "Roquero Redondo, Miguel"]
[Result "0-1"]
[Annotator "NA RC"]
[ECO "B51"]
[WhiteElo "1796"]
[BlackElo "2037"]
[PlyCount "83"]
[EventDate "2025.04.13"]
[EventType "swiss"]
[EventCountry "ESP"]
[SourceTitle "playchess.com"]
[Source "ChessBase"]
[SourceQuality "1"]
[TimeControl "5400+30"]

1. e4 c5 2. Nf3 d6 3. Bb5+ Nd7 4. c3 Ngf6 5. Qe2 e6 6. O-O a6 7. Ba4 Be7 8. d4 b5 9. Bc2 Bb7 10. Re1 Rc8 11. Nbd2 cxd4 12. Nxd4 O-O 13. N2f3 Qc7 14. Bg5 Rfe8 15. h3 Bf8 16. Bxf6 Nxf6 17. Rad1 g6 18. e5 dxe5 19. Nxe5 Red8 20. Ndf3 Bd6 21. Nd4 Bxe5 22. Qxe5 Qxe5 23. Rxe5 b4 24. Ne2 Nd5 25. Bb3 bxc3 26. bxc3 Re8 27. c4 Nb6 28. Rd4 Rc7 29. c5 Nd7 30. Rxd7 Rxd7 31. Ba4 Rde7 32. Bxe8 Rxe8 33. Nd4 Rc8 34. Nb3 Bd5 35. Kf1 Kg7 36. g3 a5 37. f4 a4 38. Nd2 Rxc5 39. Ke1 Rc2 40. Kd1 Rxa2 41. Re3 a3 42. Nb1 0-1

[Event "17th Memorial Lezcano Montalvo 2025"]
[Site "Gran Canaria"]
[Date "2025.04.16"]
[Round "5.32"]
[White "Reinoso Andre, Lazaro Javier"]
[Black "Rodriguez Melian, Jose Luis"]
[Result "0-1"]
[Annotator "NA RC"]
[ECO "D04"]
[WhiteElo "1796"]
[BlackElo "2029"]
[PlyCount "100"]
[EventDate "2025.04.13"]
[EventType "swiss"]
[EventCountry "ESP"]
[SourceTitle "playchess.com"]
[Source "ChessBase"]
[SourceQuality "1"]
[TimeControl "5400+30"]

1. d4 Nf6 2. Nf3 g6 3. e3 Bg7 4. Bd3 d5 5. c4 O-O 6. O-O c5 7. dxc5 dxc4 8. Bxc4 Qa5 9. Qc2 Bf5 10. Qc3 Qc7 11. Nbd2 Ne4 12. Qb4 Nxc5 13. Nb3 Ne4 14. Nbd4 a5 15. Qb5 Nd6 16. Bxf7+ Rxf7 17. Qd5 Qc4 18. Qxc4 Nxc4 19. b3 Nd6 20. Ba3 Nc6 21. Ng5 Nxd4 22. exd4 Rff8 23. Rad1 Bf6 24. Nf3 a4 25. Bc5 axb3 26. axb3 Bg4 27. Rd3 Rfd8 28. Re1 Bxf3 29. gxf3 Nf5 30. d5 Kf7 31. Re4 Ra1+ 32. Kg2 Rd7 33. Rb4 Rc1 34. Be3 Rc3 35. Rxc3 Bxc3 36. Rb5 Bd4 37. Bd2 Be5 38. f4 Bb8 39. Be3 Nd6 40. Ra5 Bc7 41. Ra1 Kf6 42. Kf3 Kf5 43. Rg1 Nf7 44. Rd1 e6 45. dxe6 Rxd1 46. exf7 Bd6 47. Ke2 Rb1 48. Bd4 Ke6 49. Be5 Bf8 50. h4 Rxb3 0-1

[Event "17th Memorial Lezcano Montalvo 2025"]
[Site "Gran Canaria"]
[Date "2025.04.16"]
[Round "5.33"]
[White "Sanchez Gonzalez, Diego"]
[Black "Sanchez Ramirez, Gustavo"]
[Result "1-0"]
[Annotator "NA RC"]
[ECO "B22"]
[WhiteElo "2025"]
[BlackElo "1780"]
[PlyCount "20"]
[EventDate "2025.04.13"]
[EventType "swiss"]
[EventCountry "ESP"]
[SourceTitle "playchess.com"]
[Source "ChessBase"]
[SourceQuality "1"]
[TimeControl "5400+30"]

1. e4 c5 2. c3 g6 3. d4 cxd4 4. cxd4 Bg7 5. Nc3 b6 6. Nf3 Bb7 7. Bc4 Nc6 8. a3 Nh6 9. Ba2 O-O 10. h3 e6 1-0

[Event "17th Memorial Lezcano Montalvo 2025"]
[Site "Gran Canaria"]
[Date "2025.04.16"]
[Round "5.34"]
[White "Basualdo De Ornelas, Jorge"]
[Black "Torres Rebolledo, Marcos"]
[Result "1/2-1/2"]
[Annotator "NA RC"]
[ECO "B12"]
[WhiteElo "1794"]
[BlackElo "2010"]
[PlyCount "54"]
[EventDate "2025.04.13"]
[EventType "swiss"]
[EventCountry "ESP"]
[SourceTitle "playchess.com"]
[Source "ChessBase"]
[SourceQuality "1"]
[TimeControl "5400+30"]

1. e4 c6 2. d4 d5 3. e5 c5 4. dxc5 e6 5. c3 Nd7 6. Nf3 Bxc5 7. Nbd2 Qb6 8. Qe2 Qa6 9. Qd1 Qb6 10. Qe2 a5 11. Nb3 Ne7 12. Nxc5 Nxc5 13. Be3 Nf5 14. Qb5+ Qxb5 15. Bxb5+ Bd7 16. Bxc5 Bxb5 17. Nd4 Nxd4 18. Bxd4 Kd7 19. Kd2 Rhc8 20. h4 h5 21. Rh3 Ba6 22. Rf3 Ke7 23. Rg1 Rh8 24. Bc5+ Ke8 25. g4 g6 26. g5 Rc8 27. b4 a4 1/2-1/2

[Event "17th Memorial Lezcano Montalvo 2025"]
[Site "Gran Canaria"]
[Date "2025.04.16"]
[Round "5.35"]
[White "Bolivar Castro, Alejandro"]
[Black "Rossello Padron, Carlos"]
[Result "1-0"]
[Annotator "NA RC"]
[ECO "A45"]
[WhiteElo "2006"]
[BlackElo "1776"]
[PlyCount "53"]
[EventDate "2025.04.13"]
[EventType "swiss"]
[EventCountry "ESP"]
[SourceTitle "playchess.com"]
[Source "ChessBase"]
[SourceQuality "1"]
[TimeControl "5400+30"]

1. d4 Nf6 2. Bf4 g6 3. Nc3 d5 4. e3 Bg7 5. h4 Nbd7 6. Nb5 e5 7. dxe5 Nh5 8. Qxd5 O-O 9. Bg5 c6 10. Bxd8 cxd5 11. Be7 Re8 12. Bd6 Nxe5 13. Nc7 Rd8 14. Bxe5 Bxe5 15. Nxa8 Be6 16. O-O-O Rxa8 17. Nf3 Bf6 18. Be2 Be7 19. Nd4 Nf6 20. Bf3 Rc8 21. c3 Bd7 22. Ne2 Bc6 23. Nf4 Ne4 24. Nxd5 Bxd5 25. Rxd5 Nxf2 26. Rf1 Bxh4 27. Rd2 1-0

[Event "17th Memorial Lezcano Montalvo 2025"]
[Site "Gran Canaria"]
[Date "2025.04.16"]
[Round "5.36"]
[White "Velasquez Vargas, Sebastian"]
[Black "Schmitz, Andreas Arnold"]
[Result "0-1"]
[Annotator "NA RC"]
[ECO "C02"]
[WhiteElo "1777"]
[BlackElo "1967"]
[PlyCount "118"]
[EventDate "2025.04.13"]
[EventType "swiss"]
[EventCountry "ESP"]
[SourceTitle "playchess.com"]
[Source "ChessBase"]
[SourceQuality "1"]
[TimeControl "5400+30"]

1. e4 e6 2. d4 d5 3. e5 c5 4. c3 Nc6 5. Nf3 cxd4 6. cxd4 f6 7. Bb5 Bd7 8. Bxc6 bxc6 9. Nc3 c5 10. Be3 cxd4 11. Bxd4 f5 12. O-O Ne7 13. Bc5 h6 14. Nh4 h5 15. Bxe7 Bxe7 16. Ng6 Rh6 17. Nxe7 Qxe7 18. Qe2 g5 19. Nb5 Bxb5 20. Qxb5+ Qd7 21. Qxd7+ Kxd7 22. Rfc1 Rhh8 23. Kf1 Rab8 24. b3 Rb4 25. f3 Rc8 26. Rxc8 Kxc8 27. Rc1+ Kb7 28. Ke2 g4 29. Ke3 a5 30. Kd3 a4 31. Kc3 Rf4 32. Rf1 Kc6 33. a3 axb3 34. Kxb3 Kb5 35. Rf2 gxf3 36. gxf3 h4 37. h3 Rd4 38. Kc3 Rd1 39. f4 Ka4 40. Rf3 Rg1 41. Kb2 Rg3 42. Rf2 Rb3+ 43. Kc2 Rxa3 44. Rf1 Rxh3 45. Ra1+ Kb5 46. Rf1 Kc4 47. Rf2 Kd4 48. Kd2 Ke4 49. Ke2 Ra3 50. Kf1 Rf3 51. Kg2 Rxf2+ 52. Kxf2 Kxf4 53. Kg1 d4 54. Kg2 d3 55. Kg1 d2 56. Kh2 d1=Q 57. Kg2 h3+ 58. Kh2 Qg4 59. Kh1 Qg2# 0-1

[Event "17th Memorial Lezcano Montalvo 2025"]
[Site "Gran Canaria"]
[Date "2025.04.16"]
[Round "5.37"]
[White "Cappelle, Cedric"]
[Black "Rivero Tacoronte, Gabriel"]
[Result "0-1"]
[Annotator "NA RC"]
[ECO "D11"]
[WhiteElo "1774"]
[BlackElo "1963"]
[PlyCount "74"]
[EventDate "2025.04.13"]
[EventType "swiss"]
[EventCountry "ESP"]
[SourceTitle "playchess.com"]
[Source "ChessBase"]
[SourceQuality "1"]
[TimeControl "5400+30"]

1. d4 Nf6 2. Nf3 d5 3. g3 Bf5 4. c4 c6 5. Nc3 e6 6. Qb3 Qc8 7. Nh4 Bg6 8. Nxg6 hxg6 9. Bg2 Nbd7 10. O-O Be7 11. Bf4 O-O 12. Rac1 dxc4 13. Qxc4 Nb6 14. Qb3 Nfd5 15. Bd2 Bf6 16. e4 Nc7 17. Be3 Rd8 18. Rfd1 Na6 19. e5 Be7 20. d5 Nxd5 21. Nxd5 exd5 22. Bxd5 Qf5 23. Qxb7 cxd5 24. Qxe7 Rd7 25. Qg5 Qe6 26. Qf4 Rad8 27. Bd4 Nb4 28. a3 Nc6 29. Rc5 Re8 30. Qf3 Nxe5 31. Bxe5 Qxe5 32. Rcxd5 Rxd5 33. Qxd5 Qxb2 34. Qd7 Qe2 35. Qd3 Qh5 36. Qd5 Re1+ 37. Kg2 Rxd1 0-1

[Event "17th Memorial Lezcano Montalvo 2025"]
[Site "Gran Canaria"]
[Date "2025.04.16"]
[Round "5.38"]
[White "Ramirez Maillo, Juan Adonay"]
[Black "Guerra Aleman, Marcial"]
[Result "1-0"]
[Annotator "RC"]
[ECO "B12"]
[WhiteElo "1956"]
[BlackElo "1766"]
[PlyCount "93"]
[EventDate "2025.04.13"]
[EventType "swiss"]
[EventCountry "ESP"]
[SourceTitle "playchess.com"]
[Source "ChessBase"]
[SourceQuality "1"]
[TimeControl "5400+30"]

1. e4 c6 2. d4 d5 3. e5 c5 4. dxc5 Nc6 5. f4 Bf5 6. Nf3 e6 7. Be3 Qa5+ 8. c3 Qc7 9. b4 a6 10. Nbd2 f6 11. Qa4 Nge7 12. b5 Qa5 13. Qxa5 Nxa5 14. bxa6 bxa6 15. Nb3 Nc4 16. Bxc4 dxc4 17. Na5 Nd5 18. Nxc4 Bd3 19. Nb6 Nxe3 20. Nxa8 Bxc5 21. Kd2 Bc4 22. Nd4 Nd5 23. Rhb1 O-O 24. Nxe6 Be3+ 25. Kc2 Rxa8 26. Rb7 Re8 27. Nxg7 Re7 28. Rxe7 Nxe7 29. exf6 Nd5 30. g3 Nxf6 31. Nf5 Bc5 32. a4 Ng4 33. Re1 Nxh2 34. Re8+ Bf8 35. Nd6 Bd5 36. c4 Bc6 37. Rc8 Bxa4+ 38. Kd3 Kg7 39. Nf5+ Kf7 40. c5 Nf3 41. c6 Bb5+ 42. Ke3 Ne1 43. Nd4 Bc5 44. c7 Bd7 45. Rd8 Nc2+ 46. Kd2 Ke7 47. Nc6+ 1-0

[Event "17th Memorial Lezcano Montalvo 2025"]
[Site "Gran Canaria"]
[Date "2025.04.16"]
[Round "5.39"]
[White "Julien Casteleiro, Ariel"]
[Black "Perez Rosales, Pedro"]
[Result "0-1"]
[Annotator "NA RC"]
[ECO "A41"]
[WhiteElo "1761"]
[BlackElo "1942"]
[PlyCount "61"]
[EventDate "2025.04.13"]
[EventType "swiss"]
[EventCountry "ESP"]
[SourceTitle "playchess.com"]
[Source "ChessBase"]
[SourceQuality "1"]
[TimeControl "5400+30"]

1. d4 d6 2. Bf4 Nd7 3. e3 e5 4. Bg3 g6 5. Nf3 Bg7 6. c4 Nh6 7. h3 O-O 8. Be2 Nf5 9. Bh2 exd4 10. exd4 Qf6 11. Nc3 Nxd4 12. Qxd4 Qxd4 13. Nxd4 Bxd4 14. Nb5 Bb6 15. O-O Ne5 16. c5 Bxc5 17. Nxc7 Rb8 18. a3 Bd7 19. b4 Bb6 20. Nd5 Bd8 21. f4 Nc6 22. f5 Ne5 23. f6 Re8 24. Rad1 Ba4 25. Rd2 Rc8 26. Bd1 Bb5 27. Rf4 Rc1 28. Re4 Nc4 29. Ne7+ Bxe7 30. Rdd4 Bxf6 31. Rd3 0-1

[Event "17th Memorial Lezcano Montalvo 2025"]
[Site "Gran Canaria"]
[Date "2025.04.16"]
[Round "5.40"]
[White "Blanco Barros, Juan Carlos"]
[Black "Grube, Kurt"]
[Result "1-0"]
[Annotator "RC"]
[ECO "B86"]
[WhiteElo "1941"]
[BlackElo "1732"]
[PlyCount "152"]
[EventDate "2025.04.13"]
[EventType "swiss"]
[EventCountry "ESP"]
[SourceTitle "playchess.com"]
[Source "ChessBase"]
[SourceQuality "1"]
[TimeControl "5400+30"]

1. e4 c5 2. Nf3 Nc6 3. d4 cxd4 4. Nxd4 Nf6 5. Nc3 a6 6. Bc4 e6 7. O-O Be7 8. Bb3 O-O 9. Be3 Na5 10. f4 d6 11. f5 Nxb3 12. axb3 Bd7 13. Qf3 e5 14. Nde2 Bc6 15. Rad1 Qc7 16. Ng3 Rad8 17. Bg5 Ne8 18. Bxe7 Qxe7 19. Nd5 Bxd5 20. Rxd5 Nf6 21. Rd3 Qc7 22. Rf2 Rfe8 23. Nh5 Nxh5 24. Qxh5 f6 25. Rfd2 Re7 26. Kh1 Red7 27. Qe2 Qa5 28. c4 Qc5 29. Qd1 Qc6 30. Rd5 b6 31. h3 Kf7 32. Qh5+ Kg8 33. Qe2 a5 34. Kh2 Qc7 35. Qd3 Kf7 36. Rb5 Qc6 37. Qd5+ Qxd5 38. Rdxd5 Ke7 39. Rxb6 Ra8 40. Rd2 a4 41. bxa4 Rxa4 42. b3 Ra1 43. Kg3 Raa7 44. Kf3 Rab7 45. Rxb7 Rxb7 46. Rb2 Rb4 47. Ke3 Kd7 48. Kd3 Kc6 49. Kc3 Rb7 50. Ra2 g6 51. fxg6 hxg6 52. Rf2 Rf7 53. b4 f5 54. g3 f4 55. gxf4 exf4 56. h4 Kb6 57. Kd4 Rf6 58. Rf3 Kc6 59. e5 Rf5 60. exd6 Kxd6 61. b5 g5 62. hxg5 Rxg5 63. Rxf4 Rg1 64. c5+ Ke6 65. Re4+ Kd7 66. Rh4 Rd1+ 67. Kc4 Rc1+ 68. Kb4 Rc2 69. Rh7+ Ke6 70. Rh6+ Kd7 71. Rd6+ Kc7 72. b6+ Kb7 73. Rd7+ Kc8 74. Rc7+ Kb8 75. Kb5 Rh2 76. Rg7 Rh5 1-0

[Event "17th Memorial Lezcano Montalvo 2025"]
[Site "Gran Canaria"]
[Date "2025.04.16"]
[Round "5.41"]
[White "Vega Garcia, Jesus Manuel"]
[Black "de Leon Navarro, Claudio"]
[Result "0-1"]
[Annotator "RC"]
[ECO "E16"]
[WhiteElo "1725"]
[BlackElo "1918"]
[PlyCount "89"]
[EventDate "2025.04.13"]
[EventType "swiss"]
[EventCountry "ESP"]
[SourceTitle "playchess.com"]
[Source "ChessBase"]
[SourceQuality "1"]
[TimeControl "5400+30"]

1. d4 Nf6 2. c4 b6 3. Nf3 e6 4. g3 Bb4+ 5. Bd2 Bxd2+ 6. Qxd2 Bb7 7. Bg2 O-O 8. O-O c5 9. d5 exd5 10. Nh4 Qc7 11. cxd5 d6 12. Nc3 Qd7 13. Qf4 a6 14. Nf5 Ne8 15. Rad1 g6 16. Nh6+ Kg7 17. Ne4 Bc8 18. Rd3 f6 19. Rf3 Qe7 20. Re3 Qd8 21. h4 Ra7 22. Rf3 Qe7 23. h5 Qe5 24. Qe3 Qxh5 25. Rf4 Qxh6 26. Bf3 g5 27. Nxg5 fxg5 28. Qc3+ Kg8 29. Re4 Raf7 30. Qe3 Qf6 31. Kg2 Ng7 32. g4 Nd7 33. Rh1 Ne5 34. Rxe5 Qxe5 35. Qd3 Bf5 36. gxf5 Nxf5 37. Kf1 Nh4 38. Kg1 Nxf3+ 39. exf3 Qf5 40. Qd2 Qxf3 41. Rh2 Rf4 42. Qc2 Qe4 43. Qd1 Rg4+ 44. Kf1 Qc4+ 45. Ke1 0-1

[Event "17th Memorial Lezcano Montalvo 2025"]
[Site "Gran Canaria"]
[Date "2025.04.16"]
[Round "5.42"]
[White "Ramos Santana, Marcelino"]
[Black "Arlet, Benjamin Andres"]
[Result "1/2-1/2"]
[Annotator "RC"]
[ECO "B23"]
[WhiteElo "1903"]
[BlackElo "1721"]
[PlyCount "113"]
[EventDate "2025.04.13"]
[EventType "swiss"]
[EventCountry "ESP"]
[SourceTitle "playchess.com"]
[Source "ChessBase"]
[SourceQuality "1"]
[TimeControl "5400+30"]

1. e4 c5 2. Nc3 e6 3. g3 d5 4. exd5 exd5 5. Bg2 Nf6 6. d3 h6 7. Nge2 d4 8. Ne4 Nc6 9. O-O Be7 10. Nf4 O-O 11. Nh5 Nd5 12. Nf4 Nxf4 13. gxf4 f5 14. Nd2 Qc7 15. Nc4 Bd7 16. a4 g6 17. Re1 Bf6 18. Bd2 Rad8 19. Qf3 b6 20. Ne5 Ne7 21. Nxd7 Rxd7 22. Re6 Rd6 23. Rae1 Rxe6 24. Rxe6 Qd7 25. Qe2 Kf7 26. Rxf6+ Kxf6 27. b3 Re8 28. Qf3 Nc8 29. h4 h5 30. c3 Qe6 31. cxd4 cxd4 32. Kh2 Qxb3 33. Qc6+ Qe6 34. Qf3 a5 35. Bc1 Qd6 36. Bb2 Ne7 37. Kg3 Rc8 38. Qe2 Nc6 39. Qc2 Ne7 40. Qb3 Qb4 41. Qa2 Qc5 42. Ba3 Qc2 43. Bxe7+ Kxe7 44. Qd5 Qxd3+ 45. Kh2 Qc4 46. Qe5+ Qe6 47. Qg7+ Kd6 48. Qxd4+ Ke7 49. Qg7+ Qf7 50. Qe5+ Qe6 51. Qg7+ Kd6 52. Qd4+ Kc7 53. Qg7+ Qd7 54. Qe5+ Qd6 55. Qg7+ Kd8 56. Qh8+ Kd7 57. Qg7+ 1/2-1/2